 Dungeon Crawl Stone Soup version 0.31.0-11-ge490571c62 (webtiles) character file.

Game seed: 7388378064354187293

72 Flugkiller the Chiller (level 4, -1/21 HPs)
             Began as a Vine Stalker Ice Elementalist on Feb 1, 2024.
             Incinerated by a bombardier beetle (4 damage)
             ... with a burning spray
             ... on level 4 of the Dungeon.
             The game lasted 00:02:14 (437 turns).

Flugkiller the Chiller (VSIE)                        Turns: 437, Time: 00:02:14

Health: -1/21      AC:  4    Str: 10    XL:     4   Next: 25%
Magic:  0/10       EV: 12    Int: 17    God:
Gold:   29         SH:  0    Dex: 15    Spells: 6/10 levels left

rFire   . . .        i - +0 rapier
rCold   . . .        (no shield)
rNeg    . . .        a - +0 robe
rPois   .            (no helmet)
rElec   .            h - +1 cloak
rCorr   .            (no gloves)
SInv    .            (no boots)
Will    .....        (no amulet)
Stlth   +            (no ring)
HPRegen 1.03/turn    (no ring)
MPRegen 0.12/turn

%: guardian spirit
@: on fire, very slightly contaminated, glowing
A: fangs 2, regeneration 1, magic shield, antimagic bite, no potion heal 2
a: no special abilities


You were on level 4 of the Dungeon.
You visited 1 branch of the dungeon, and saw 5 of its levels.

You collected 29 gold pieces.

Inventory:

Hand Weapons
 i - a +0 rapier (weapon)
   (You found it on level 3 of the Dungeon)
Armour
 a - a +0 robe (worn)
 h - a +1 cloak (worn)
   (You found it on level 2 of the Dungeon)
Scrolls
 c - a scroll of amnesia {unknown}
 d - a scroll of vulnerability {unknown}
 f - a scroll of brand weapon {unknown}
 g - 3 scrolls of fear {unknown}
 j - a scroll of identify {unknown}
Potions
 b - 3 potions of magic
 e - 2 potions of berserk rage {unknown}


   Skills:
 - Level 1.5 Dodging
 - Level 2.4 Stealth
 + Level 3.5 Spellcasting
 + Level 4.9 Ice Magic


You had 6 spell levels left.
You knew the following spells:

 Your Spells              Type           Power      Damage    Failure   Level
a - Freeze                Ice            76%        1d8       2%          1
b - Frozen Ramparts       Ice            38%        1d6       7%          3

Your spell library contained the following spells:

 Spells                   Type           Power      Damage    Failure   Level
 Ozocubu's Armour         Ice            19%        N/A       7%          3
 Summon Ice Beast         Ice/Summ       11%        N/A       19%         3


Dungeon Overview and Level Annotations

Branches:
Dungeon (5/15) Zot: 26984
 Temple: D:4-7

Altars:


Innate Abilities, Weirdness & Mutations

You have extremely sharp teeth.
Your natural rate of healing is unusually fast.
When hurt, damage is shared between your health and your magic reserves.
Your bite disrupts and absorbs the magic of your enemies.
Potions cannot restore your health.


Message History

The hobgoblin attacks as it pursues you!
The hobgoblin hits you.
Casting: Frozen Ramparts (quite dangerous; 7% risk of failure)
Confirm with . or Enter, or press ? or * to list all spells.
Okay, then.
You barely miss the hobgoblin.
The hobgoblin hits you but does no damage.
You closely miss the hobgoblin. You bite the hobgoblin. You drain its power.
You feel invigorated.
The hobgoblin is moderately wounded.
The hobgoblin closely misses you.
The hobgoblin hits you but does no damage.
You puncture the hobgoblin!
You kill the hobgoblin!
A hobgoblin comes into view.
You see here a hobgoblin corpse.
The bombardier beetle sprays incendiary fluid at you.
The burning spray hits you.
You are covered in liquid fire!
You see here a hobgoblin corpse.
You shake off some of the fire as you move.
The liquid fire burns you!
You shake off some of the fire as you move.
The liquid fire burns you!
You shake off the liquid fire.
The bombardier beetle sprays incendiary fluid at you.
The burning spray hits you.
You are covered in liquid fire!
You shake off some of the fire as you move.
The liquid fire burns you!
You shake off some of the fire as you move.
The liquid fire burns you!
There is a stone staircase leading down here.
The liquid fire burns you!
You shake off the liquid fire.
You climb downwards.
There is a stone staircase leading up here.
There is a stone staircase leading up here.
You climb upwards.
There is a stone staircase leading down here.
Unknown command.
Casting: Frozen Ramparts (quite dangerous; 7% risk of failure)
Confirm with . or Enter, or press ? or * to list all spells.
Aiming: Freeze (safe; 2% risk of failure)
Press: ? - help, Shift-Dir - straight line, f - bombardier beetle
Aim: a bombardier beetle You freeze the bombardier beetle.
The bombardier beetle is moderately wounded.
Casting: Freeze (safe; 2% risk of failure)
Confirm with . or Enter, or press ? or * to list all spells.
Aiming: Freeze (safe; 2% risk of failure)
Press: ? - help, Shift-Dir - straight line, f/p - bombardier beetle
Aim: a bombardier beetle (moderately wounded)
You freeze the bombardier beetle.
The bombardier beetle is severely wounded.
The bombardier beetle sprays incendiary fluid at you.
The burning spray hits you.
You are covered in liquid fire!
Casting: Freeze (safe; 2% risk of failure)
Confirm with . or Enter, or press ? or * to list all spells.
Aiming: Freeze (safe; 2% risk of failure)
Press: ? - help, Shift-Dir - straight line, f/p - bombardier beetle
Aim: a bombardier beetle (severely wounded)
You miscast Freeze.
You are very lightly contaminated with residual magic.
Nothing appears to happen.
The liquid fire burns you!
The bombardier beetle closely misses you.
You hit the bombardier beetle but do no damage.
Your bite misses the bombardier beetle.
The bombardier beetle is severely wounded.
The liquid fire burns you!
You hit the bombardier beetle.
The bombardier beetle is almost dead.
The liquid fire burns you!
The bombardier beetle sprays incendiary fluid at you.
The burning spray hits you.
You are even more covered in liquid fire!
Unknown command.
You shake off some of the fire as you move.
The liquid fire burns you!
The hobgoblin shouts!
The bombardier beetle bites you.
Unknown command.
You closely miss the bombardier beetle.
The bombardier beetle is almost dead.
The liquid fire burns you!
* * * LOW HITPOINT WARNING * * *
Unknown command.
Casting: Freeze (safe; 2% risk of failure)
Confirm with . or Enter, or press ? or * to list all spells.
You don't have enough magic to cast this spell.
Unknown command.
You shake off some of the fire as you move.
The liquid fire burns you!
* * * LOW HITPOINT WARNING * * *
Unknown command.
You shake off some of the fire as you move.
The liquid fire burns you!
You die...

#.... ##.... .....#
##.... .#..... ####
....... ####..###
.......####..@....#
#.....[##..B.>..##
#<.......g.....###
............######
<.........#..#...#
#...##...........#
..## #.##........#
. .....##.....##
.............#.###


You could see a bombardier beetle and a hobgoblin.

Vanquished Creatures
  An orc priest (D:4)
  3 adders
  A ribbon worm (D:2)
  3 orcs (D:4)
  A goblin (D:4)
  3 hobgoblins (D:4)
12 creatures vanquished.

Notes
Turn   | Place    | Note
-------+----------+-------------------------------------------
     0 | D:1      | Flugkiller the Vine Stalker Ice Elementalist began the
                  | quest for the Orb.
     0 | D:1      | Reached XP level 1. HP: 9/9 MP: 4/4
    87 | D:2      | Reached XP level 2. HP: 6/13 MP: 2/6
   290 | D:4      | Reached XP level 3. HP: 12/16 MP: 4/8
   300 | D:4      | Learned a level 3 spell: Frozen Ramparts
   385 | D:4      | Reached XP level 4. HP: 10/21 MP: 1/10
   422 | D:5      | Entered Level 5 of the Dungeon
   437 | D:4      | Incinerated by a bombardier beetle

Illustrated notes

Levels and vault maps discovered:
D:1:      minmay_arrival_stone_box, layout_loops_ring
D:2:      layout_loops_corners, uniq_terence
D:3:      layout_basic, vehumet_statue, mainiacjoe_overflow_alcove_4,
          dreamdust_ecumenical_altar_angels_and_demons,
          chequers_serial_rivers_micro_a, grunt_decor_fettered,
          uniq_crazy_yiuf_cottage
D:4:      kennysheep_goblin_castle, layout_cave_pools
D:5:      layout_gridville, grunt_temple_overflow_holy_war,
          makhleb_blood_cavern_becter, nicolae_ru_the_path_less_chosen

Skill      XL: |  1  2 |
---------------+-------+-----
Spellcasting   | 3 |  3.5
Dodging        | |  1.5
Stealth        | |  2.4
Ice Magic      | |  4.9

Action                     |  1- 3 |  4- 6 || total
---------------------------+-------+-------++-------
  Melee: Unarmed           |    20 |       ||    20
         Bite              |     8 |     1 ||     9
         Rapier            |    18 |     6 ||    24
   Cast: Freeze            |    16 |     2 ||    18
         Frozen Ramparts   |     3 |       ||     3
 Armour: Robe              |    30 |     4 ||    34
  Dodge: Dodged            |    22 |     2 ||    24
